 Dungeon Crawl Stone Soup version 0.30-a0-439-g9e77e4d916 (webtiles) character file.

Game seed: 11014404188151246269

132 PyroL the Grave Robber (level 4, -1/30 HPs)
             Began as a Demonspawn Necromancer on Dec 10, 2022.
             Killed by nerve-wracking pain
             ... invoked by Grinder
              (10 damage)
             ... on level 3 of the Dungeon.
             The game lasted 00:07:39 (3066 turns).

PyroL the Grave Robber (Demonspawn Necromancer)     Turns: 3066, Time: 00:07:40

Health: -1/30      AC:  5    Str:  8    XL:     4   Next: 92%
Magic:  9/9        EV: 12    Int: 19    God:
Gold:   180        SH:  0    Dex: 13    Spells: 2/10 levels left

rFire   . . .      SeeInvis .    d - +0 mace
rCold   . . .      Faith    .    (no shield)
rNeg    . . .      Spirit   .    a - +0 robe
rPois   +          Reflect  .    (no helmet)
rElec   .          Harm     .    m - +0 cloak
rCorr   .          Rampage  .    (no gloves)
Will    .....                    (no boots)
Stlth   ++........               (no amulet)
HPRegen 0.25/turn                j - ring of poison resistance
MPRegen 0.11/turn                (no ring)

@: no status effects
A: slimy green scales 1
a: no special abilities


You were on level 3 of the Dungeon.
You visited 1 branch of the dungeon, and saw 3 of its levels.

You collected 180 gold pieces.

Inventory:

Hand Weapons
 d - a +0 mace (weapon)
Armour
 a - a +0 robe (worn)
 g - the +7 ring mail "Lopnasm" {Dex+6}
   (You found it on level 2 of the Dungeon)

   Dex:       It affects your dexterity (+6).
 m - a +0 cloak (worn)
Jewellery
 j - a ring of poison resistance (left hand)
Scrolls
 i - a scroll of enchant weapon
 k - a scroll of fog
 l - 2 scrolls of immolation
 n - a scroll of fear {unknown}
Potions
 b - a potion of magic
 e - 2 potions of curing
 f - a potion of mutation
 h - a potion of invisibility


   Skills:
 - Level 1.7 Dodging
 - Level 1.7 Stealth
 + Level 3.6 Spellcasting
 + Level 5.7 Necromancy


You had 2 spell levels left.
You knew the following spells:

 Your Spells              Type           Power      Damage    Failure   Level
a - Necrotise             Necr           100%       1d9       1%          1
b - Vampiric Draining     Necr           25%        2d7       4%          3
c - Animate Dead          Necr           25%        N/A       13%         4

Your spell library contained the following spells:

 Spells                   Type           Power      Damage    Failure   Level
 Sublimation of Blood     Necr           25%        N/A       1%          2
 Agony                    Necr           25%        N/A       36%         5
 Petrify                  Tmut/Erth      3%         N/A       82%         4
 Irradiate                Conj/Tmut      1%         3d12      99%         5


Dungeon Overview and Level Annotations

Branches:
Dungeon (3/15)

Altars:

Shops:
D:1 =

Annotations:
D:3 Grinder


Innate Abilities, Weirdness & Mutations

You are partially covered in slimy green scales. (AC +2)


Message History

Grinder is moderately wounded.
Your transformation is almost over.
Grinder completely misses you.
Grinder says, "Tell me all your secrets, or I'll kill you."
Grinder hits you.
* * * LOW HITPOINT WARNING * * *
You closely miss Grinder.
Grinder is moderately wounded.
Grinder hits you but does no damage.
Unknown command.
You hit Grinder.
Grinder is heavily wounded.
Grinder hits you but does no damage. x2
Unknown command.
You hit Grinder but do no damage.
Grinder is heavily wounded.
Grinder hits you but does no damage.
Unknown command.
You hit Grinder but do no damage.
Grinder is heavily wounded.
Grinder hits you but does no damage.
You hit Grinder.
Grinder is heavily wounded.
Grinder hits you but does no damage. Grinder gestures at you.
You resist with significant effort.
You barely miss Grinder.
Grinder is heavily wounded.
Grinder blinks!
You hit Grinder.
Grinder is heavily wounded.
You feel less wooden.
Your +0 cloak unmelds from your body.
Your +0 robe unmelds from your body.
Grinder hits you.
* * * LOW HITPOINT WARNING * * *
You writhe in agony.
* * * LOW HITPOINT WARNING * * *
Grinder gestures at you. Pain shoots through your body!
You die...

##..####.# ##...##...##
##......[...##
#............#
#............#
#............#
##......<....#
##....5...#.#
#..ยง@##..#.##
#....###..).## #...#.#
###)...## ##.#.#.#
#.##..###### #..#.#)#
#.###....(..
#....#.#####.....)..##.
#....#.................
#.......####......)<..#
#....#.###............#


You could see Grinder.

Vanquished Creatures
  Natasha (D:3)
  4 gnolls
  An adder (D:2)
  3 dart slugs
  5 endoplasms
  2 giant cockroaches
  3 goblins
  3 hobgoblins
  3 jackals (D:1)
  3 kobolds
  2 quokkas (D:2)
  4 ball pythons
  5 bats
  3 frilled lizards
  7 rats
49 creatures vanquished.

Vanquished Creatures (collateral kills)
  A dart slug (D:1)
  An endoplasm (D:1)
  A jackal (D:1)
  A rat (D:2)
4 creatures vanquished.

Vanquished Creatures (others)
  A gnoll zombie (D:3)
1 creature vanquished.

Grand Total: 54 creatures vanquished

Notes
Turn   | Place    | Note
-------+----------+-------------------------------------------
     0 | D:1      | PyroL the Demonspawn Necromancer began the quest for the
                  | Orb.
     0 | D:1      | Reached XP level 1. HP: 13/13 MP: 3/3
   271 | D:1      | Gained mutation: You are partially covered in slimy green
                  | scales. (AC +2) [demonic ancestry]
   271 | D:1      | Reached XP level 2. HP: 19/19 MP: 1/5
   325 | D:1      | Found Siemics's Jewellery Emporium.
   702 | D:2      | Reached skill level 5 in Necromancy
   702 | D:2      | Reached XP level 3. HP: 24/24 MP: 1/7
   706 | D:2      | Learned a level 3 spell: Vampiric Draining
   967 | D:2      | Identified the +7 ring mail "Lopnasm" {Dex+6}
  1964 | D:1      | Found a faded altar of an unknown god.
  2444 | D:3      | Noticed Grinder
  2449 | D:2      | Reached XP level 4. HP: 24/30 MP: 3/8
  2543 | D:3      | Noticed Natasha
  2553 | D:3      | Killed Natasha
  2706 | D:2      | Learned a level 4 spell: Animate Dead
  3018 | D:3      | Paralysed by Grinder for 5 turns
  3037 | D:3      | Paralysed by Grinder for 3 turns
  3047 | D:3      | Paralysed by Grinder for 5 turns
  3066 | D:3      | Killed from afar by Grinder

Illustrated notes

Levels and vault maps discovered:
D:1:      dpeg_arrival_circle_labyrinth_c, layout_basic,
          hellmonk_ecumenical_altar_blasted, serial_shops,
          nicolae_shop_waterfront
D:2:      layout_basic, serial_aquarium, aquarium_bridge_island_small
          [aquarium_subvault_small_water, aquarium_subvault_bridge,
          aquarium_subvault_bridge, aquarium_subvault_balcony,
          aquarium_subvault_balcony], aquarium_bridge_square
          [aquarium_subvault_balcony, aquarium_subvault_bridge,
          aquarium_subvault_wall, aquarium_subvault_balcony], aquarium_window_1,
          aquarium_window_fake, aquarium_window_corner, aquarium_view_2c,
          aquarium_view_2d, aquarium_pool_corner, kennysheep_generic_room_8
D:3:      layout_rooms, solitary_fountain, st_stairs_7, uniq_natasha,
          uniq_grinder, uniq_jessica

Skill      XL: |  1  2  3 |
---------------+----------+-----
Necromancy     | 5 |  5.7
Spellcasting   | 3 |  3.6
Dodging        | |  1.7
Stealth        | |  1.7

Action                   |  1- 3 |  4- 6 || total
-------------------------+-------+-------++-------
Melee: Unarmed           |    13 |       ||    13
       Mace              |     5 |    31 ||    36
       Punch             |     1 |       ||     1
 Cast: Necrotise         |    80 |    17 ||    97
       Vampiric Draining |     1 |     1 ||     2
       Animate Dead      |       |     2 ||     2
  Use: Scroll            |     5 |     1 ||     6
       Potion            |       |     1 ||     1
Armor: Robe              |    19 |     1 ||    20
       Skin              |       |    24 ||    24
Dodge: Dodged            |    62 |    17 ||    79

Table legend: (Time is in decaauts)
 A = Elapsed time spent in this place.
 B = Non-inter-level travel time spent in this place.
 C = Inter-level travel time spent in this place.
 D = Time resting spent in this place.
 E = Time spent auto-exploring this place.
 F = Levels seen in this place.
 G = Mean time per level.
                   A        B        C        D        E       F      G
               +--------+--------+--------+--------+--------+-----+--------+
         Total |   3083 |   2757 |    326 |    317 |   1904 |   3 | 1027.7 |
       Dungeon |   3083 |   2757 |    326 |    317 |   1904 |   3 | 1027.7 |
               +--------+--------+--------+--------+--------+-----+--------+

Top non-repeatable levels by time:
     D:2: 1565 daAuts
     D:1: 1223 daAuts
     D:3: 294 daAuts
